 Dungeon Crawl Stone Soup version 0.27-a0-412-g8dd771eca2 (webtiles) character file.

Game seed: 16025027003976041982

95 dickylongcocking the Insei (level 4, 0/31 HPs)
             Began as an Octopode Transmuter on Feb 23, 2021.
             Slain by a rat (2 damage)
             ... on level 2 of the Dungeon.
             The game lasted 00:01:25 (2697 turns).

dickylongcocking the Insei (Octopode Transmuter)    Turns: 2697, Time: 00:01:26

Health: 0/31       AC:  1    Str:  9    XL:     4   Next: 65%
Magic:  7/7        EV: 13    Int: 16    God:
Gold:   139        SH:  0    Dex: 12    Spells: 6/7 levels left

rFire    . . .     SeeInvis .     - Unarmed
rCold    + . .     Faith    .   (no shield)
rNeg     . . .     Spirit   .   (helmet currently unavailable)
rPois    .         Reflect  .   (no amulet)
rElec    .         Harm     .   (no ring)
rCorr    .         Rampage  .   (no ring)
Will     .....     Clarity  +   (no ring) Stlth ++........Rnd*Tele +
                                (no ring)
HPRegen  0.10/turn              (no ring)
MPRegen  0.10/turn              (no ring)
                                (no ring)
                                (no ring)

@: appendages (expiring)
A: almost no armour, stealthy swim, amphibious, 8 rings, constrict 8, tentacle
spike 3, camouflage 1, clarity, cold resistance 1, teleportitis 1, gelatinous
body 1
a: End Transformation


You were on level 2 of the Dungeon.
One of your tentacles had a temporary spike.
You visited 1 branch of the dungeon, and saw 3 of its levels.

You collected 139 gold pieces.

Inventory:

Scrolls
 a - a scroll of magic mapping {unknown}
 b - 2 scrolls of enchant weapon {unknown}
 c - 3 scrolls of teleportation {unknown}
 d - 4 scrolls of identify {unknown}
 f - a scroll of fog {unknown}


   Skills:
 * Level 3.1 Fighting
 - Level 2.0 Dodging
 * Level 4.2 Unarmed Combat
 - Level 2.0 Spellcasting
 - Level 2.0 Transmutations


You had 6 spell levels left.
You knew the following spells:

 Your Spells              Type           Power        Failure   Level
a - Beastly Appendage     Tmut           16%          9%          1

Your spell library contained the following spells:

 Spells                   Type           Power        Failure   Level
 Wereblood                Tmut           8%           14%         2
 Spider Form              Tmut/Pois      2%           38%         3
 Ice Form                 Ice/Tmut       4%           80%         4
 Blade Hands              Tmut           4%           94%         5


Dungeon Overview and Level Annotations

Branches:
Dungeon (3/15)

Altars:


Innate Abilities, Weirdness & Mutations

You cannot wear most types of armour.
You are very stealthy in the water. (Stealth+)
You are amphibious.
You can wear up to eight rings at the same time.
You can use your tentacles to constrict eight enemies at once.
Your skin changes colour to match your surroundings (Stealth+).
Your rubbery body absorbs attacks. (AC +1, EV +1)
One of your tentacles bears a large vicious spike.
You possess an exceptional clarity of mind.
Your flesh is cold resistant. (rC+)
You are occasionally teleported next to monsters.


Message History

You climb upwards.
There is a stone staircase leading down, spattered with blood here.
Unknown command.
Unknown command.
You tentacle-slap the jackal. Your grab misses the jackal.
You pierce the jackal, but do no damage.
The jackal is severely wounded.
The rat misses you.
The jackal bites you but does no damage.
The goblin misses you. The jackal bites you. The jackal barely misses you.
The goblin closely misses you.
You tentacle-slap the jackal.
You kill the jackal!
The jackal misses you. The jackal closely misses you.
The rat closely misses you. The goblin misses you.
The goblin hits you with a +0 club.
* * * LOW HITPOINT WARNING * * *
The jackal bites you.
* * * LOW HITPOINT WARNING * * *
The goblin completely misses you. The jackal closely misses you.
The goblin hits you with a +0 club.
* * * LOW HITPOINT WARNING * * *
You see here a jackal corpse.
Unknown command.
The goblin misses you. The jackal bites you.
* * * LOW HITPOINT WARNING * * *
The jackal misses you. The jackal barely misses you.
Items here: ))) ÷÷÷.
You tentacle-slap the jackal. You grab the jackal.
You pierce the jackal.
You kill the jackal!
Your transformation is almost over.
You tentacle-slap the rat. Your grab misses the rat.
The rat is heavily wounded.
The rat closely misses you.
You barely miss the rat. Your grab misses the rat.
Your tentacle spike misses the rat.
The rat is heavily wounded.
The rat bites you.
You die...

#.......# #.......# #######
#.......# #.....#
###...÷.<.##.....## ##..)..#
#.....>)..#8.....8# #......#
##.#..†....##.....#
##......###).###hg.### 8...8#
............## #r#.)# ##>##
.##......#######@##.###########
.###....#####....##...........#
..............................#
####.#######..########.....)[.#
##...# ##.## ##.........#
...### #..# #..#.......# ####
##.## ##.##.......# # #..#
###..##..###### # #.##
###...###..#


You could see a jackal, a goblin and a rat.

Vanquished Creatures
  3 adders (D:2)
  3 worms (D:2)
  A dart slug (D:1)
  2 leopard geckos (D:2)
  5 bats
  6 giant cockroaches
  3 hobgoblins (D:2)
  7 jackals (D:2)
  6 kobolds
  2 frilled lizards (D:1)
  11 goblins
  4 rats
53 creatures vanquished.

Notes
Turn   | Place    | Note
-------+----------+-------------------------------------------
     0 | D:1      | dickylongcocking the Octopode Transmuter began the quest
                  | for the Orb.
     0 | D:1      | Reached XP level 1. HP: 13/13 MP: 3/3
   263 | D:1      | Reached XP level 2. HP: 18/18 MP: 5/5
   514 | D:2      | Reached XP level 3. HP: 24/24 MP: 6/6
  1331 | D:2      | Reached skill level 4 in Unarmed Combat
  1331 | D:2      | Reached XP level 4. HP: 26/30 MP: 5/7
  2433 | D:2      | Gained mutation: You possess an exceptional clarity of
                  | mind. [potion of mutation]
  2433 | D:2      | Gained mutation: You are occasionally teleported next to
                  | monsters. [potion of mutation]
  2433 | D:2      | Gained mutation: Your flesh is cold resistant. (rC+)
                  | [potion of mutation]
  2697 | D:2      | Slain by a rat

Illustrated notes

Levels and vault maps discovered:
D:1:      onia_arrival_mini_maze, layout_basic
D:2:      layout_rooms, nicolae_overflow_hidden_temple, st_stairs_14
D:3:      layout_basic, uniq_terence, uniq_robin, uniq_grinder, uniq_natasha

Skill      XL: |  1  2  3  4 |
---------------+-------------+-----
Fighting       | 2 3 |  3.1
Unarmed Combat | 4 |  4.2
Dodging        | |  2.0
Spellcasting   | |  2.0
Transmutations | |  2.0

Action                   |  1- 3 |  4- 6 || total
-------------------------+-------+-------++-------
Melee: Unarmed           |    71 |    57 ||   128
       Constrict         |    19 |    15 ||    34
       Tentacles         |    13 |     6 ||    19
       Punch             |     1 |     2 ||     3
       Kick              |     2 |     6 ||     8
 Cast: Beastly Appendage |     4 |     4 ||     8
  Use: Potion            |       |     1 ||     1
 Stab: Sleeping          |     3 |     4 ||     7
Armor: Skin              |     8 |     9 ||    17
Dodge: Dodged            |    43 |    73 ||   116

Table legend: (Time is in decaauts)
 A = Elapsed time spent in this place.
 B = Non-inter-level travel time spent in this place.
 C = Inter-level travel time spent in this place.
 D = Time resting spent in this place.
 E = Time spent auto-exploring this place.
 F = Levels seen in this place.
 G = Mean time per level.
                   A        B        C        D        E       F      G
               +--------+--------+--------+--------+--------+-----+--------+
         Total |   2691 |   2600 |     91 |    605 |   1653 |   3 |  897.0 |
       Dungeon |   2691 |   2600 |     91 |    605 |   1653 |   3 |  897.0 |
               +--------+--------+--------+--------+--------+-----+--------+

Top non-repeatable levels by time:
     D:2: 1805 daAuts
     D:1: 873 daAuts
     D:3: 11 daAuts
